 Dungeon Crawl Stone Soup version 0.30-a0-34-gbe8da3892a (webtiles) character file.

Game seed: 12503515180909030165

2633 ytrimaz the Changer (level 9, 0/64 HPs)
             Began as an Octopode Transmuter on Aug 28, 2022.
             Was a Follower of Ashenzari.
             Slain by a gnoll
             ... wielding a +0 halberd
              (7 damage)
             ... on level 8 of the Dungeon.
             The game lasted 00:11:37 (9659 turns).

ytrimaz the Changer (Octopode Transmuter)           Turns: 9659, Time: 00:11:38

Health: 0/64       AC:  8    Str:  9    XL:     9   Next: 61%
Magic:  0/21       EV: 10    Int: 19    God:    Ashenzari [*.....]
Gold:   183        SH:  0    Dex: 11    Spells: 7/24 levels left

rFire   x . .      SeeInvis .      - Unarmed
rCold   + + +      Faith    .    (shield currently unavailable)
rNeg    . . .      Spirit   +    (helmet currently unavailable)
rPois   +          Reflect  .    k - amulet of guardian spirit
rElec   .          Harm     .    j - ring "Tethered Frustration" {Wiz, Bglg, Self} (curse)
rCorr   .          Rampage  .    l - ring of Ashenzari's Secrets {rPois, Alch, Self} (curse)
Will    +....                    (no ring)
Stlth   +.........               (no ring)
HPRegen 0.20/turn                (no ring)
MPRegen 0.17/turn                (no ring)
                                 (no ring)
                                 (no ring)

@: ice-form, wereblooded, studying Summonings
A: freezing attack, boosted hp, almost no armour, amphibious, 8 rings, large,
(camouflage 1), (gelatinous body 1), (nimble swimmer 1), (tentacles), clumsy 1,
strong-willed 1
a: End Transformation, Renounce Religion, Curse Item, Shatter the Chains


You were on level 8 of the Dungeon.
You worshipped Ashenzari.
Ashenzari was aware of your devotion.
You were a creature of crystalline ice.
You visited 2 branches of the dungeon, and saw 9 of its levels.

You collected 271 gold pieces.
You spent 88 gold pieces at shops.

Inventory:

Jewellery
 j - the cursed ring "Tethered Frustration" (left front paw) {Wiz, Bglg, Self}
   (You found it on level 3 of the Dungeon)

   [ring of wizardry]

   It improves your spell success rate.
   It has a curse which improves the following skills: Beguiling: Conjurations,
   Hexes and Translocations.
   Introspection: Fighting and Spellcasting.
 k - an amulet of guardian spirit (around neck)
 l - the cursed ring of Ashenzari's Secrets (right front paw) {rPois, Alch, Self}
   (You found it on level 7 of the Dungeon)

   [ring of poison resistance]

   rPois:     It protects you from poison.
   It has a curse which improves the following skills: Alchemy: Poison Magic and
   Transmutations.
   Introspection: Fighting and Spellcasting.
 p - a +6 ring of strength
Wands
 b - a wand of flame (14)
 h - a wand of light (22)
 q - a wand of charming (2)
Scrolls
 d - 6 scrolls of teleportation
 e - a scroll of vulnerability
 f - 4 scrolls of poison
 m - a scroll of silence
Potions
 a - a potion of cancellation
 c - a potion of attraction
 g - a potion of resistance
 i - 2 potions of flight
 n - a potion of curing
 o - a potion of haste


   Skills:
 - Level 1.0(1.8) Fighting
 - Level 2.0 Dodging
 + Level 6.0 Unarmed Combat
 * Level 6.9(8.2) Spellcasting
 * Level 7.6(8.5) Transmutations
 - Level 4.0 Ice Magic
 - Level 4.0(4.7) Poison Magic


You had 7 spell levels left.
You knew the following spells:

 Your Spells              Type           Power      Damage    Failure   Level
a - Beastly Appendage     Tmut           80%        N/A       1%          1
b - Wereblood             Tmut           40%        N/A       1%          2
c - Spider Form           Tmut/Pois      33%        N/A       1%          3
d - Ice Form              Ice/Tmut       31%        N/A       2%          4
e - Dragon Form           Tmut           20%        N/A       65%         7

Your spell library contained the following spells:

 Spells                   Type           Power      Damage    Failure   Level
 Ensorcelled Hibernation  Hex/Ice        30%        N/A       2%          2
 Blink                    Tloc           16%        N/A       5%          2
 Call Canine Familiar     Summ           7%         N/A       11%         3
 Lesser Beckoning         Tloc           8%         N/A       11%         3
 Portal Projectile        Hex/Tloc       16%        N/A       11%         3
 Anguish                  Hex/Necr       4%         N/A       32%         4
 Cause Fear               Hex            4%         N/A       32%         4
 Leda's Liquefaction      Hex/Erth       4%         N/A       32%         4
 Fireball                 Conj/Fire      4%         3d4       65%         5
 Manifold Assault         Tloc           8%         N/A       65%         5
 Starburst                Conj/Fire      4%         6d3       99%         6
 Storm Form               Tmut/Air       12%        N/A       99%         7
 Ignition                 Fire           3%         3d4       100%        8
 Dragon's Call            Summ           3%         N/A       100%        9


Dungeon Overview and Level Annotations

Branches:
Dungeon (8/15)             Temple (1/1) D:4
   Lair: D:8-11

Altars:
Ashenzari
Cheibriados
Dithmenos
Elyvilon
Gozag
Kikubaaqudgha
Makhleb
Nemelex Xobeh
Okawaru
Ru
Trog
Uskayaw
Vehumet
Wu Jian
Xom
Zin
The Shining One

Shops:
D:3 !   D:4 =


Innate Abilities, Weirdness & Mutations

You are a creature of crystalline ice.
You have a powerful freezing melee attack.
Your maximum health is increased.
Your armour is entirely melded.
You are incapable of wielding weapons or throwing items.
You cannot wear most types of armour.
You are amphibious.
You can wear up to eight rings at the same time.
((Your skin changes colour to match your surroundings (Stealth+).))
((Your rubbery body absorbs attacks. (AC +1, EV +1)))
((You are camouflaged when in or above water. (Stealth+)))
((You have tentacles for arms and can constrict up to eight enemies at once.))
You are clumsy. (Dex -2)
You are strong-willed. (Will+)


Message History

The gnoll hits you but does no damage. The gnoll hits you with a +0 club.
The gnoll hits you from afar with a +0 halberd!
Unknown command.
You are too injured to fight recklessly!
The gnoll hits you from afar with a +0 halberd.
An orc wizard comes into view.
It is wielding a +0 dagger and wearing a +1 robe of willpower.
Things that are here:
a +0 flail; a gnoll corpse You are too injured to fight recklessly!
Unknown command.
You are too injured to fight recklessly!
You punch the gnoll! You freeze the gnoll.
The gnoll is severely wounded.
The gnoll hits you with a +0 club.
The gnoll hits you from afar with a +0 halberd.
The orc wizard mumbles some strange words.
The orc wizard flickers and vanishes!
Deactivating autopickup; reactivate with Ctrl-A.
The gnoll hits you with a +0 club.
Unknown command.
You barely miss the gnoll.
The gnoll is severely wounded.
An orc comes into view. It is wielding a +0 flail.
The gnoll hits you but does no damage. The gnoll hits you with a +0 club.
* * * LOW HITPOINT WARNING * * *
The gnoll closely misses you. The orc hits you but does no damage.
A magic dart appears from out of thin air!
The magic dart hits you!
* * * LOW HITPOINT WARNING * * *
You punch the gnoll! You freeze the gnoll.
You feel a bit better.
You kill the gnoll!
You howl as the wereblood boils in your veins!
The gnoll hits you from afar with a +0 halberd!
* * * LOW HITPOINT WARNING * * *
An orc priest comes into view.
It is wielding a +0 dagger of protection.
The orc hits you with a +2 mace of protection.
The gnoll hits you but does no damage. The gnoll hits you but does no damage.
The gnoll hits you from afar with a +0 halberd!
You die...

###########
##......g<(#
.....?.)Y..#
##.....o...#
#.......g..#
#......[.$.#
#..........#
.{o.......##
..........#
o.........#


You could see 2 gnolls and 2 orcs.

Vanquished Creatures
  Maggie (D:7)
  A water moccasin (D:5)
  Pargi (D:4)
  2 ice beasts
  2 centaurs
  2 gnoll sergeants (D:7)
  3 bullfrogs
  3 necrophages
  3 scorpions
  8 wights
  3 jellies
  An orc priest (D:6)
  A hound (D:4)
  A gnoll bouda (D:6)
  An iguana (D:5)
  Ijyb (D:4)
  Terence (D:3)
  Natasha (D:2)
  4 orc wizards
  Robin (D:3)
  17 gnolls
  5 adders
  A shadow imp (D:7)
  A white imp (D:6)
  An ufetubus (D:4)
  3 dart slugs
  24 orcs
  2 ball pythons
  5 endoplasms
  11 goblins
  8 hobgoblins
  5 jackals
  2 quokkas (D:2)
  5 bats
  3 frilled lizards
  7 kobolds
  7 rats
148 creatures vanquished.

Notes
Turn   | Place    | Note
-------+----------+-------------------------------------------
     0 | D:1      | ytrimaz the Octopode Transmuter began the quest for the
                  | Orb.
     0 | D:1      | Reached XP level 1. HP: 13/13 MP: 3/3
   239 | D:1      | Found a faded altar of an unknown god.
   505 | D:1      | Reached XP level 2. HP: 12/18 MP: 3/5
  1491 | D:2      | Reached XP level 3. HP: 20/23 MP: 4/6
  2196 | D:2      | Reached XP level 4. HP: 18/28 MP: 5/7
  2491 | D:2      | Noticed Natasha
  2495 | D:2      | Killed Natasha
  2496 | D:2      | Reached skill level 5 in Unarmed Combat
  2502 | D:2      | Learned a level 2 spell: Wereblood
  2506 | D:2      | Learned a level 3 spell: Spider Form
  2765 | D:3      | Found an iron altar of Okawaru.
  3014 | D:3      | Noticed Terence
  3015 | D:3      | Reached skill level 1 in Poison Magic
  3015 | D:3      | Noticed Robin
  3022 | D:3      | Killed Terence
  3023 | D:3      | Reached XP level 5. HP: 4/33 MP: 4/8
  3023 | D:3      | Gained mutation: You are clumsy. (Dex -2) [potion of
                  | mutation]
  3023 | D:3      | Gained mutation: You are strong-willed. (Will+) [potion of
                  | mutation]
  3034 | D:3      | Killed Robin
  3504 | D:3      | Found a sparkling altar of Nemelex Xobeh.
  4018 | D:3      | Found Dashrall's Distillery.
  4023 | D:3      | Bought a potion of lignification for 33 gold pieces
  4023 | D:3      | Bought a potion of heal wounds for 55 gold pieces
  4289 | D:4      | Found Zeuviune's Jewellery Shoppe.
  4311 | D:4      | Reached XP level 6. HP: 31/38 MP: 5/9
  4436 | D:4      | Noticed Pargi
  4453 | D:4      | Killed Pargi
  4454 | D:4      | Reached skill level 3 in Transmutations
  4628 | D:4      | Learned a level 4 spell: Ice Form
  4636 | D:4      | Noticed Ijyb
  4651 | D:4      | HP: 1/57 [Ijyb/puff of flame (6)]
  4653 | D:4      | Killed Ijyb
  4982 | D:4      | Found a staircase to the Ecumenical Temple.
  4996 | D:4      | Reached skill level 1 in Ice Magic
  4996 | D:4      | Reached XP level 7. HP: 32/43 MP: 7/11
  4998 | Temple   | Entered the Ecumenical Temple
  5129 | Temple   | Became a worshipper of Ashenzari the Shackled
  5402 | D:5      | Entered Level 5 of the Dungeon
  5631 | D:5      | Reached skill level 4 in Transmutations
  5955 | D:5      | Reached XP level 8. HP: 48/48 MP: 9/14
  6422 | D:5      | Reached skill level 5 in Transmutations
  6905 | D:6      | Reached skill level 5 in Spellcasting
  6923 | D:6      | Reached skill level 6 in Transmutations
  7194 | D:6      | Found an ancient bone altar of Kikubaaqudgha.
  8046 | D:7      | Reached XP level 9. HP: 50/53 MP: 11/18
  8384 | D:7      | Reached * piety under Ashenzari
  8419 | D:7      | Reached skill level 7 in Transmutations
  9090 | D:7      | Noticed Maggie
  9161 | D:7      | Killed Maggie
  9568 | D:8      | Noticed a deep elf pyromancer
  9646 | D:7      | Learned a level 7 spell: Dragon Form
  9659 | D:8      | Slain by a gnoll

Illustrated notes

Levels and vault maps discovered:
D:1:      shiori_arrival_maze, layout_loops_ring,
          shapermc_ecumenical_altar_mp_ritualfount
D:2:      minmay_diamond_boxcup, layout_loops_cross, uniq_natasha
D:3:      layout_basic, mainiacjoe_overflow_concentric_impassable,
          mainiacjoe_overflow_small_starburst, serial_shops, shop, uniq_terence,
          uniq_robin
D:4:      cheibrodos_quashed, layout_cave_pools, minmay_temple_entry_wispy,
          serial_shops, nicolae_shop_advertising_works
          [nicolae_subvault_shop_adworks], uniq_pargi, uniq_ijyb
D:5:      layout_basic
D:6:      layout_loops_corners, mainiacjoe_overflow_alcove_4
D:7:      layout_basic, uniq_maggie
D:8:      layout_rooms, lemuel_blue_sif_altar, fedhas_altar_4,
          dreamdust_princess_bridge
Temple:   zaba_magenta_temple

Skill      XL: |  1  2  3  4  5  6  7  8  9 |
---------------+----------------------------+-----
Unarmed Combat | 4 5 6 |  6.0
Poison Magic   | 1 3 4 |  4.0
Transmutations | 3 4 6 7 |  7.6
Spellcasting   | 3 4 5 6 |  6.9
Ice Magic      | 1 3 4 |  4.0
Fighting       | |  1.0
Dodging        | |  2.0

Action                   |  1- 3 |  4- 6 |  7- 9 || total
-------------------------+-------+-------+-------++-------
Melee: Unarmed           |    69 |   112 |   242 ||   423
       Constrict         |    22 |    12 |     2 ||    36
       Tentacles         |    13 |     9 |     2 ||    24
       Kick              |    13 |    10 |       ||    23
       Punch             |     1 |       |       ||     1
 Cast: Beastly Appendage |    26 |    15 |     3 ||    44
       Spider Form       |       |     5 |     4 ||     9
       Wereblood         |       |     2 |     9 ||    11
       Ice Form          |       |       |    23 ||    23
Invok: Curse Item        |       |       |     2 ||     2
  Use: Scroll            |     1 |     5 |     4 ||    10
       Potion            |       |    11 |     2 ||    13
 Stab: Sleeping          |     4 |     3 |       ||     7
Armor: Skin              |     5 |    69 |    72 ||   146
Dodge: Dodged            |    48 |   118 |   142 ||   308

Table legend: (Time is in decaauts)
 A = Elapsed time spent in this place.
 B = Non-inter-level travel time spent in this place.
 C = Inter-level travel time spent in this place.
 D = Time resting spent in this place.
 E = Time spent auto-exploring this place.
 F = Levels seen in this place.
 G = Mean time per level.
                   A        B        C        D        E       F      G
               +--------+--------+--------+--------+--------+-----+--------+
         Total |   9609 |   9350 |    259 |    962 |   7167 |   9 | 1067.7 |
       Dungeon |   9464 |   9222 |    242 |    962 |   7047 |   8 | 1183.0 |
        Temple |    144 |    127 |     17 |      0 |    120 |   1 |  144.0 |
               +--------+--------+--------+--------+--------+-----+--------+

Top non-repeatable levels by time:
     D:2: 1838 daAuts
     D:3: 1563 daAuts
     D:6: 1497 daAuts
     D:5: 1390 daAuts
     D:7: 1311 daAuts
     D:4: 974 daAuts
     D:1: 876 daAuts
  Temple: 144 daAuts
     D:8: 13 daAuts
